 Dungeon Crawl Stone Soup version 0.28.0-43-g3370ac3207 (webtiles) character file.

Game seed: 5639998876159004897

72 graymark the Chopper (level 4, -1/34 HPs)
             Began as a Demonspawn Gladiator on Mar 2, 2022.
             Slain by Sigmund
             ... wielding a +0 scythe
              (5 damage)
             ... on level 2 of the Dungeon.
             The game lasted 00:03:02 (1831 turns).

graymark the Chopper (Demonspawn Gladiator)         Turns: 1831, Time: 00:03:03

Health: -1/34      AC:  8    Str: 16    XL:     4   Next: 6%
Magic:  4/4        EV: 11    Int: 10    God:
Gold:   50         SH:  0    Dex: 14    Spells: 3/3 levels left

rFire   + . .      SeeInvis .   a - +0 war axe
rCold   . . .      Faith    .   (no shield)
rNeg    . . .      Spirit   .   j - +2 ring mail {rF+}
rPois   .          Reflect  .   c - +0 helmet
rElec   .          Harm     .   (no cloak)
rCorr   .          Rampage  .   (no gloves)
Will    .....                   (no boots)
Stlth   +.........              (no amulet)
HPRegen 0.11/turn               (no ring)
MPRegen 0.09/turn               (no ring)

@: no status effects
A: claws 1
a: no special abilities


You were on level 2 of the Dungeon.
You visited 1 branch of the dungeon, and saw 2 of its levels.

You collected 50 gold pieces.

Inventory:

Hand Weapons
 a - a +0 war axe (weapon)
Missiles
 d - 2 throwing nets (quivered)
 g - 5 boomerangs
Armour
 b - a +0 leather armour
 c - a +0 helmet (worn)
 j - a +2 ring mail of fire resistance (worn)
Scrolls
 h - a scroll of teleportation {unknown}
Potions
 e - a potion of attraction {unknown}
 f - 2 potions of heal wounds {unknown}
 i - a potion of lignification {unknown}


   Skills:
 + Level 2.7 Fighting
 + Level 3.2 Axes
 - Level 1.7 Throwing
 + Level 1.4 Armour
 + Level 3.2 Dodging


You had 3 spell levels left.
You didn't know any spells.
Your spell library was empty.

Dungeon Overview and Level Annotations

Branches:
Dungeon (2/15)

Altars:
Vehumet

Annotations:
D:2 Sigmund


Innate Abilities, Weirdness & Mutations

You have sharp fingernails.


Message History

Level annotation: Sigmund
There is a stone staircase leading up here.
Okay, then.
Okay, then.
Throw: 3 throwing nets
Press: ? - help, Q - select action, (/) - cycle Shift-Dir - straight line, f - Sigmund
Aim: Sigmund, wielding a +0 scythe and wearing a +0 robe (55% to hit)
You throw a throwing net. The throwing net hits Sigmund.
Sigmund is caught in the net!
Sigmund struggles against the net.
Sigmund struggles against the net.
You hit Sigmund.
Sigmund is lightly wounded.
Sigmund mumbles some strange words.
Sigmund flickers and vanishes!
Deactivating autopickup; reactivate with Ctrl-A.
Something wriggles in the net.
No target in view!
No target in view!
You hit something but do no damage. You hit something.
You hear some strange, mumbled words.
Something tries to affect you, but you resist.
Something wriggles in the net.
All of a sudden the net rips apart!
You barely miss something. Something hits you.
You miss something. Something hits you but does no damage.
You closely miss something. Something hits you!
You slash something! Something hits you.
You hit something. Something hits you but does no damage.
You completely miss something. Something hits you!
* * * LOW HITPOINT WARNING * * *
You miss something. Something hits you but does no damage.
You hit something but do no damage. You closely miss something.
You hear some strange, mumbled words.
Something tries to affect you, but you resist.
Something hits you.
* * * LOW HITPOINT WARNING * * *
You closely miss something. Something hits you.
You die...

###.....## #.#
#.......######.#
#.###..........# #.#
#..######..####
##.###.######.......
####..#...# #....#.....
#....##.#####.####.....
####.####{.###...#
#.....
#....###.@.....###
#..... #.#......<######
#..... #...####.##
#<.... #.####...#
#..... ### #.### #.....
... ###### .#. # ##


There were no monsters in sight!

Vanquished Creatures
  Terence (D:2)
  An adder (D:2)
  A worm (D:1)
  A dart slug (D:1)
  5 bats
  7 goblins
  4 hobgoblins
  2 ball pythons (D:1)
  4 frilled lizards
  3 kobolds (D:1)
  6 rats (D:1)
35 creatures vanquished.

Notes
Turn   | Place    | Note
-------+----------+-------------------------------------------
     0 | D:1      | graymark the Demonspawn Gladiator began the quest for the
                  | Orb.
     0 | D:1      | Reached XP level 1. HP: 16/16 MP: 1/1
   250 | D:1      | Gained mutation: You have sharp fingernails. [demonic
                  | ancestry]
   250 | D:1      | Reached XP level 2. HP: 22/22 MP: 2/2
   359 | D:1      | Found a faded altar of an unknown god.
   904 | D:1      | Reached skill level 1 in Armour
  1023 | D:1      | Reached XP level 3. HP: 28/28 MP: 3/3
  1279 | D:2      | Noticed Terence
  1428 | D:2      | Killed Terence
  1429 | D:2      | Reached XP level 4. HP: 14/34 MP: 4/4
  1648 | D:2      | Found a radiant altar of Vehumet.
  1649 | D:2      | Noticed Sigmund
  1831 | D:2      | Slain by Sigmund

Illustrated notes

Levels and vault maps discovered:
D:1:      roderic_crossed_star, layout_basic, ebering_ecumenical_altar_mist
D:2:      layout_rooms, basic_altar, minmay_misc_feat_tower, uniq_sigmund,
          uniq_terence

Skill      XL: |  1  2 |
---------------+-------+-----
Dodging        | 3 |  3.2
Axes           | 3 |  3.2
Armour         | 1 |  1.4
Fighting       | |  2.7
Throwing       | |  1.7

Action                   |  1- 3 |  4- 6 || total
-------------------------+-------+-------++-------
Melee: War axe           |    92 |    13 ||   105
Throw: Throwing net      |       |     1 ||     1
Armor: Leather armour    |    25 |       ||    25
       Ring mail         |       |     4 ||     4
Dodge: Dodged            |    56 |     1 ||    57
